 Dungeon Crawl Stone Soup version 0.28-a0-793-g31680bbd8b (webtiles) character file.

Game seed: 5762221747912000243

779 freelancePsychic the Firebug (level 7, -9/51 HPs)
             Began as a Gnoll Fire Elementalist on Nov 3, 2021.
             Was an Initiate of Cheibriados.
             Shot with an arrow by a centaur (10 damage)
             ... on level 6 of the Dungeon.
             The game lasted 00:09:24 (6268 turns).

freelancePsychic the Firebug (GnFE)                 Turns: 6268, Time: 00:09:24

Health: -9/51      AC:  4    Str:  8    XL:     7   Next: 85%
Magic:  15/15      EV: 14    Int: 18    God:    Cheibriados [......]
Gold:   206        SH:  0    Dex: 13    Spells: 14/17 levels left

rFire   . . .      SeeInvis .     - Unarmed
rCold   . . .      Faith    .   (no shield)
rNeg    . . .      Spirit   .   a - +0 robe
rPois   .          Reflect  .   g - +0 helmet
rElec   .          Harm     .   (no cloak)
rCorr   .          Rampage  .   (no gloves)
Will    .....                   m - +0 pair of boots
Stlth   +++.......              (no amulet)
HPRegen 0.17/turn               (no ring)
MPRegen 0.14/turn               (no ring)

@: slow
A: fangs 1, strong nose, distributed training
a: Renounce Religion, Bend Time


You were on level 6 of the Dungeon.
You worshipped Cheibriados.
Cheibriados was noncommittal.
You visited 2 branches of the dungeon, and saw 7 of its levels.

You collected 232 gold pieces.
You spent 26 gold pieces at shops.

Inventory:

Armour
 a - a +0 robe (worn)
 g - a +0 helmet (worn)
 m - a +0 pair of boots (worn)
Wands
 h - a wand of polymorph (2)
 q - a wand of digging (6)
Scrolls
 b - 2 scrolls of fog
 e - a scroll of amnesia
 f - 2 scrolls of teleportation {@r4}
 i - a scroll of summoning
 j - a scroll of noise
 l - a scroll of immolation {unknown}
Potions
 c - a potion of mutation {unknown}
 d - a potion of degeneration {unknown}
 k - a potion of resistance {unknown}
 n - a potion of berserk rage {unknown}
 o - 2 potions of brilliance {unknown}
 p - a potion of heal wounds {unknown}
 r - a potion of lignification {unknown}


   Skills:
 + Level 2.7 Fighting
 + Level 2.7 Short Blades
 + Level 2.7 Long Blades
 + Level 2.7 Axes
 + Level 2.7 Maces & Flails
 + Level 2.7 Polearms
 + Level 2.7 Staves
 + Level 2.7 Slings
 + Level 2.7 Bows
 + Level 2.7 Crossbows
 + Level 2.7 Throwing
 + Level 2.7 Armour
 + Level 5.4 Dodging
 + Level 5.0 Stealth
 + Level 2.7 Shields
 + Level 2.7 Unarmed Combat
 + Level 5.7 Spellcasting
 + Level 3.1 Conjurations
 + Level 2.2 Hexes
 + Level 2.2 Summonings
 + Level 2.2 Necromancy
 + Level 2.2 Translocations
 + Level 2.2 Transmutations
 + Level 5.9 Fire Magic
 + Level 2.2 Ice Magic
 + Level 2.2 Air Magic
 + Level 2.2 Earth Magic
 + Level 2.2 Poison Magic
 + Level 3.0 Invocations
 + Level 2.7 Evocations


You had 14 spell levels left.
You knew the following spells:

 Your Spells              Type           Power      Damage    Failure   Level
a - Foxfire               Conj/Fire      84%        2x1d8     1%          1
b - Searing Ray           Conj           32%        2d5       4%          2

Your spell library contained the following spells:

 Spells                   Type           Power      Damage    Failure   Level
 Scorch                   Fire           52%        2d8       1%          2
 Magic Dart               Conj           64%        1d6       3%          1
 Slow                     Hex            52%        N/A       4%          1
 Static Discharge         Conj/Air       14%        N/A       6%          2
 Conjure Flame            Conj/Fire      21%        6-21      6%          3
 Inner Flame              Hex/Fire       19%        N/A       7%          3
 Confusing Touch          Hex            13%        N/A       14%         3
 Vampiric Draining        Necr           13%        2d6       14%         3
 Flame Wave               Conj/Fire      21%        3d6       19%         4
 Fulminant Prism          Conj/Hex       7%         3d7       38%         4
 Lightning Bolt           Conj/Air       7%         1d19      75%         5
 Maxwell's Capacitive Co  Air            6%         ∞         100%        8


Dungeon Overview and Level Annotations

Branches:
Dungeon (6/15)             Temple (1/1) D:5

Altars:
Ashenzari
Cheibriados
Dithmenos
Gozag
Hepliaklqana
Kikubaaqudgha
Makhleb
Sif Muna
Vehumet
Wu Jian
Xom
Zin

Shops:
D:3 *


Innate Abilities, Weirdness & Mutations

You have very sharp teeth.
Your uncanny sense of smell can sniff out nearby items.
Your experience applies equally to all skills.


Message History

There is a snail-covered altar of Cheibriados here.
Unknown command.
Press < or > to pray at altars.
You kneel at the altar of Cheibriados.
Cheibriados welcomes you!
Cheibriados begins to support your attributes as your movement slows.
You can now bend time to slow others.
(D) Dungeon (T) Temple
Where to? (Enter - Temple, ? - help)
There is a burning altar of Makhleb here.
There is an open gate here.
There is a staircase back to the Dungeon here.
You climb upwards.
Welcome back to the Dungeon!
There is a staircase to the Ecumenical Temple here.
o - 2 amethyst potions (gained 1)
You now have 206 gold pieces (gained 18).
You see here a quokka skeleton.
There is a stone staircase leading down here.
You see here 14 bolts.
r - a coppery potion Done exploring.
Done exploring.
(D) Dungeon (T) Temple
Where to? (Enter - D:5, ? - help)
You see here 14 bolts.
There is a stone staircase leading down here.
You climb downwards.
There is a stone staircase leading up here.
A centaur comes into view.
The centaur shouts!
The centaur wields a +4 shortbow.
The centaur shoots an arrow.
The arrow hits you!
The centaur shoots an arrow.
The arrow hits you.
The centaur shoots an arrow.
The arrow hits you!
The centaur shoots an arrow.
The arrow hits you!
* * * LOW HITPOINT WARNING * * *
As you read the scroll of summoning, it crumbles to dust.
Wisps of shadow whirl around you...
The centaur shoots an arrow.
The arrow hits you!
You die...

#. # #. #.#.
#.#c###
.##.....#
........####.#
.............#
.......@###..#
......h..<#
.......J###
####+####


You could see a centaur (ally target), a friendly hound (summoned) and a
friendly jelly (summoned).

Vanquished Creatures
  2 necrophages (D:4)
  A centaur (D:5)
  A scorpion (D:5)
  A water moccasin skeleton (D:5)
  A bullfrog zombie (D:5)
  2 hounds (D:5)
  Terence (D:2)
  2 iguanas
  A scorpion zombie (D:5)
  Ijyb (D:3)
  Robin (D:2)
  7 adders
  A shadow imp (D:5)
  An adder skeleton (D:4)
  5 dart slugs
  3 worms
  4 orcs
  5 ball pythons
  8 endoplasms
  2 giant cockroaches
  14 goblins
  13 hobgoblins
  7 quokkas
  7 bats
  5 frilled lizards
  9 kobolds
  7 rats
  A spectral kobold (D:1)
113 creatures vanquished.

Vanquished Creatures (others)
  282 foxfires
282 creatures vanquished.

Grand Total: 395 creatures vanquished

Notes
Turn   | Place    | Note
-------+----------+-------------------------------------------
     0 | D:1      | freelancePsychic the Gnoll Fire Elementalist began the
                  | quest for the Orb.
     0 | D:1      | Reached XP level 1. HP: 13/13 MP: 6/6
   159 | D:1      | Reached XP level 2. HP: 12/19 MP: 1/7
   501 | D:1      | Found a faded altar of an unknown god.
   901 | D:1      | Reached XP level 3. HP: 25/25 MP: 5/9
  1012 | D:1      | Reached skill level 5 in Spellcasting
  1335 | D:1      | Reached skill level 1 in Invocations
  1632 | D:2      | Reached skill level 1 in Fighting
  1632 | D:2      | Reached skill level 1 in Short Blades
  1632 | D:2      | Reached skill level 1 in Long Blades
  1632 | D:2      | Reached skill level 1 in Axes
  1632 | D:2      | Reached skill level 1 in Maces & Flails
  1632 | D:2      | Reached skill level 1 in Polearms
  1632 | D:2      | Reached skill level 1 in Staves
  1632 | D:2      | Reached skill level 1 in Slings
  1632 | D:2      | Reached skill level 1 in Bows
  1632 | D:2      | Reached skill level 1 in Crossbows
  1632 | D:2      | Reached skill level 1 in Throwing
  1632 | D:2      | Reached skill level 1 in Armour
  1632 | D:2      | Reached skill level 1 in Shields
  1632 | D:2      | Reached skill level 1 in Unarmed Combat
  1632 | D:2      | Reached skill level 1 in Evocations
  1768 | D:2      | Reached XP level 4. HP: 32/32 MP: 7/11
  1815 | D:2      | Noticed Robin
  1852 | D:2      | Killed Robin
  1954 | D:2      | Reached skill level 1 in Hexes
  1954 | D:2      | Reached skill level 1 in Summonings
  1954 | D:2      | Reached skill level 1 in Necromancy
  1954 | D:2      | Reached skill level 1 in Translocations
  1954 | D:2      | Reached skill level 1 in Transmutations
  1954 | D:2      | Reached skill level 1 in Ice Magic
  1954 | D:2      | Reached skill level 1 in Air Magic
  1954 | D:2      | Reached skill level 1 in Earth Magic
  1954 | D:2      | Reached skill level 1 in Poison Magic
  2148 | D:2      | Learned a level 2 spell: Searing Ray
  2186 | D:2      | Found a shimmering altar of Xom.
  2200 | D:2      | Noticed Terence
  2209 | D:2      | Killed Terence
  2210 | D:2      | Reached XP level 5. HP: 37/37 MP: 5/12
  2626 | D:3      | Noticed Ijyb
  2634 | D:3      | Killed Ijyb
  2882 | D:3      | Found Ridgh's General Store.
  2966 | D:3      | Found an ancient bone altar of Kikubaaqudgha.
  2973 | D:3      | Found a shimmering blue altar of Sif Muna.
  2976 | D:3      | Found a radiant altar of Vehumet.
  4049 | D:4      | Noticed a necrophage
  4065 | D:4      | Killed a necrophage
  4066 | D:4      | Reached skill level 5 in Dodging
  4066 | D:4      | Reached XP level 6. HP: 30/44 MP: 0/14
  4194 | D:4      | Noticed a necrophage
  4202 | D:4      | Killed a necrophage
  4733 | D:3      | Bought a scroll of identify for 26 gold pieces
  5229 | D:5      | Entered Level 5 of the Dungeon
  5232 | D:5      | Reached XP level 7. HP: 50/50 MP: 11/15
  5804 | D:5      | Reached skill level 5 in Stealth
  6041 | D:5      | Found a staircase to the Ecumenical Temple.
  6060 | Temple   | Entered the Ecumenical Temple
  6103 | Temple   | Became a worshipper of Cheibriados the Contemplative
  6267 | D:6      | HP: 1/51 [centaur/arrow (16)]
  6268 | D:6      | Shot with an arrow by a centaur

Illustrated notes

Levels and vault maps discovered:
D:1:      dpeg_arrival_refuge, layout_basic,
          dreamdust_ecumenical_altar_drowned_temple
D:2:      layout_loops_ring, basic_altar, uniq_robin, uniq_terence
D:3:      layout_loops_corners, grunt_temple_overflow_magic_moments,
          serial_shops, shop_fountains, uniq_ijyb
D:4:      layout_basic
D:5:      layout_basic, minmay_temple_entry_purple_smoke
D:6:      layout_basic, uniq_pikel
Temple:   jpeg_temple_island

Skill      XL: |  1  2  3  4  5  6  7 |
---------------+----------------------+-----
Conjurations   | 2 3 |  3.1
Spellcasting   | 5 |  5.7
Invocations    | 1 2 3 |  3.0
Fighting       | 1 2 |  2.7
Short Blades   | 1 2 |  2.7
Long Blades    | 1 2 |  2.7
Axes           | 1 2 |  2.7
Maces & Flails | 1 2 |  2.7
Polearms       | 1 2 |  2.7
Staves         | 1 2 |  2.7
Slings         | 1 2 |  2.7
Bows           | 1 2 |  2.7
Crossbows      | 1 2 |  2.7
Throwing       | 1 2 |  2.7
Armour         | 1 2 |  2.7
Shields        | 1 2 |  2.7
Unarmed Combat | 1 2 |  2.7
Evocations     | 1 2 |  2.7
Hexes          | 1 2 |  2.2
Summonings     | 1 2 |  2.2
Necromancy     | 1 2 |  2.2
Translocations | 1 2 |  2.2
Transmutations | 1 2 |  2.2
Ice Magic      | 1 2 |  2.2
Air Magic      | 1 2 |  2.2
Earth Magic    | 1 2 |  2.2
Poison Magic   | 1 2 |  2.2
Dodging        | 5 |  5.4
Stealth        | 5 |  5.0
Fire Magic     | |  5.9

Action                   |  1- 3 |  4- 6 |  7- 9 || total
-------------------------+-------+-------+-------++-------
Melee: Unarmed           |       |     2 |       ||     2
 Cast: Foxfire           |    82 |    72 |    20 ||   174
       Searing Ray       |       |    30 |    10 ||    40
  Use: Scroll            |       |     7 |     1 ||     8
Armor: Robe              |       |    10 |     2 ||    12
       Skin              |       |     1 |       ||     1
Dodge: Dodged            |     7 |    16 |    13 ||    36

Table legend: (Time is in decaauts)
 A = Elapsed time spent in this place.
 B = Non-inter-level travel time spent in this place.
 C = Inter-level travel time spent in this place.
 D = Time resting spent in this place.
 E = Time spent auto-exploring this place.
 F = Levels seen in this place.
 G = Mean time per level.
                   A        B        C        D        E       F      G
               +--------+--------+--------+--------+--------+-----+--------+
         Total |   6320 |   5915 |    405 |    145 |   5014 |   7 |  902.9 |
       Dungeon |   6228 |   5872 |    356 |    145 |   4984 |   6 | 1038.0 |
        Temple |     91 |     43 |     48 |      0 |     30 |   1 |   91.0 |
               +--------+--------+--------+--------+--------+-----+--------+

Top non-repeatable levels by time:
     D:1: 1527 daAuts
     D:4: 1361 daAuts
     D:3: 1268 daAuts
     D:2: 1106 daAuts
     D:5: 958 daAuts
  Temple: 91 daAuts
     D:6: 5 daAuts
